 Dungeon Crawl Stone Soup version 0.32-a0-938-g40ac7a0f4d (webtiles) character file.

Game seed: 17691366607495416148

8365 uglyjohn the Arsonist (level 11, 0/80 HPs)
             Began as a Yellow Draconian Conjurer on Apr 15, 2024.
             Was a Believer of Vehumet.
             Slain by a troll (3 damage)
             ... on level 10 of the Dungeon.
             The game lasted 00:22:39 (11007 turns).

uglyjohn the Arsonist (Yellow Draconian Conjurer)  Turns: 11007, Time: 00:22:40

Health: 0/80       AC:  9    Str:  7    XL:     11   Next: 9%
Magic:  24/26      EV: 11    Int: 28    God:    Vehumet [**....]
Gold:   541        SH:  0    Dex: 10    Spells: 9/18 levels left

rFire   . . .        g - +2 dagger of the Lurker {heavy, Fly rN+ Str-2 Int+5}
rCold   . . .        (no shield)
rNeg    + . .        (body armour unavailable)
rPois   .            (helmet restricted)
rElec   .            I - +0 cloak
rCorr   +            (no gloves)
SInv    .            J - +0 pair of boots
Will    +....        (no amulet)
Stlth   ++           e - ring of magical power
HPRegen 0.33/turn    l - ring of willpower
MPRegen 0.20/turn

%: no passive effects
@: flying, hasted, very quick
A: caustic breath, AC +7, unfitting armour, cold-blooded, acid resistance
a: Caustic Breath, Renounce Religion


You were on level 10 of the Dungeon.
You worshipped Vehumet.
Vehumet was pleased with you.
You visited 2 branches of the dungeon, and saw 11 of its levels.

You collected 743 gold pieces.
You spent 202 gold pieces at shops.

Inventory:

Hand Weapons
 g - the +2 dagger of the Lurker (weapon) {heavy, Fly rN+ Str-2 Int+5}
   (You found it on level 2 of the Dungeon)

   Str-2:     It affects your strength (-2).
   Int+5:     It affects your intelligence (+5).
   rN+:       It protects you from negative energy.
   Fly:       It grants you flight.
 y - the +9 whip "Zugaser" {heavy, Fly rF- Will+++ Dex-5}
   (You took it off a kobold on level 4 of the Dungeon)

   Dex-5:     It affects your dexterity (-5).
   rF-:       It makes you vulnerable to fire.
   Will+++:   It greatly increases your willpower.
   Fly:       It grants you flight.
Armour
 c - a +0 cloak
 I - a +0 cloak (worn)
 J - a +0 pair of boots (worn)
Magical Staves
 r - a staff of air
Jewellery
 e - a ring of magical power (left hand)
 k - a +4 ring of slaying
 l - a ring of willpower (right hand)
 u - a ring of poison resistance
 v - a ring of see invisible
 E - a +6 ring of intelligence
 F - a +6 ring of dexterity
Wands
 o - a wand of paralysis (19)
 C - a wand of polymorph (14)
 D - a wand of digging (12)
 G - a wand of flame (11)
Scrolls
 b - 3 scrolls of enchant armour {unknown}
 m - 4 scrolls of teleportation
 n - 2 scrolls of fog {unknown}
 p - a scroll of blinking {unknown}
 s - 2 scrolls of fear {unknown}
 t - 4 scrolls of identify
 w - a scroll of enchant weapon {unknown}
 H - a scroll of revelation {unknown}
 K - a scroll of amnesia {unknown}
Potions
 d - 3 potions of mutation
 f - 3 potions of resistance
 h - 7 potions of curing
 i - a potion of cancellation {unknown}
 j - a potion of haste
 q - 3 potions of might
 x - 3 potions of heal wounds
 z - a potion of invisibility {unknown}
 A - a potion of ambrosia {unknown}
 B - 3 potions of lignification


   Skills:
 - Level 2.4 Fighting
 - Level 2.0 Staves
 - Level 2.7 Dodging
 - Level 1.7 Stealth
 - Level 4.0 Spellcasting
 + Level 11.1 Conjurations
 - Level 12.5 Fire Magic


You had 9 spell levels left.
You knew the following spells:

 Your Spells              Type           Power      Damage    Failure   Level
a - Magic Dart            Conj           100%       1d8       1%          1
b - Searing Ray           Conj           100%       2d8       1%          2
c - Scorch                Fire           100%       2d9       1%          2
d - Flame Wave            Conj/Fire      64%        2d15      1%          4

Your spell library contained the following spells:

 Spells                   Type           Power      Damage    Failure   Level
 Mephitic Cloud           Conj/Alch/Air  26%        N/A       4%          3
 Sting                    Conj/Alch      100%       1d9       1%          1
 Apportation              Tloc           10%        N/A       8%          1
 Slow                     Hex            20%        N/A       8%          1
 Fulminant Prism          Conj/Alch      18%        3d10      8%          4
 Iskenderun's Mystic Bla Conj/Tloc 36%            2d9        (+2d4     8%          4
 Call Imp                 Summ           10%        N/A       11%         2
 Jinxbite                 Hex            10%        N/A       11%         2
 Mercury Vapours          Alch/Air       10%        N/A       11%         2
 Sublimation of Blood     Necr           5%         N/A       11%         2
 Confusing Touch          Hex            5%         N/A       22%         3
 Vampiric Draining        Necr           5%         2d6       22%         3
 Leda's Liquefaction      Alch/Erth      2%         N/A       58%         4
 Olgreb's Toxic Radiance  Alch           5%         N/A       58%         4
 Petrify                  Alch/Erth      5%         N/A       58%         4
 Alistair's Intoxication  Alch           3%         N/A       90%         5
 Metabolic Englaciation   Hex/Ice        2%         N/A       90%         5
 Summon Cactus Giant      Summ           2%         N/A       100%        6
 Ozocubu's Refrigeration  Ice            2%         4d8       100%        7
 Summon Hydra             Summ           2%         N/A       100%        7
 Discord                  Hex            2%         N/A       100%        8


Dungeon Overview and Level Annotations

Branches:
Dungeon (10/15)            Temple (1/1) D:5             Orc (0/2) D:10
   Lair: D:8-11

Altars:
Ashenzari
Cheibriados
Dithmenos
Elyvilon
Fedhas
Gozag
Hepliaklqana
Kikubaaqudgha
Makhleb
Nemelex Xobeh
Okawaru
Qazlal
Ru
Sif Muna
Trog
Uskayaw
Vehumet
Wu Jian
Xom
Yredelemnul
Zin
The Shining One

Shops:
D:2 (   D:4 =   D:9 !


Innate Abilities, Weirdness & Mutations

You can breathe corrosive fumes.
Your golden yellow scales are hard. (AC +7)
You cannot fit into any form of body armour.
You are cold-blooded and may be slowed by cold attacks.
You are resistant to acid. (rCorr)


Message History

Unknown command.
Casting: Searing Ray (safe; 1% risk of failure)
Confirm with . or Enter, or press ? or * to list all spells.
Aiming: Searing Ray (safe; 1% risk of failure)
Press: ? - help, Shift-Dir - straight line, f - troll
Aim: a troll (83% to hit)
The searing ray hits the troll.
The troll is lightly wounded. (Press . to maintain the ray.)
The troll barely misses you. The troll closely misses you. The troll claws you!
* * * LOW HITPOINT WARNING * * *
Your magical contamination has completely faded away.
The searing ray hits the troll!
The troll is moderately wounded.
The searing ray hits the orc warrior.
The orc warrior is moderately wounded.
The troll bites you!
* * * LOW HITPOINT WARNING * * *
The troll closely misses you. The troll barely misses you.
Okay, then.
You feel much better. The troll bites you but does no damage.
The troll claws you but does no damage. The troll claws you.
* * * LOW HITPOINT WARNING * * *
You feel yourself speed up. The troll closely misses you.
The troll claws you but does no damage. The troll completely misses you.
Aiming: Caustic Breath
Press: ? - help, Shift-Dir - straight line, f/p - troll
Aim: a troll (moderately wounded, 90% to hit)
You breathe a spray of caustic vapour.
The acid spray hits the troll!!
The acid corrodes the troll!
The troll is almost dead.
The acid spray hits the orc warrior.
The acid corrodes the orc warrior!
The orc warrior is moderately wounded.
The acid spray hits the orc!
The acid corrodes the orc!
You kill the orc!
Vehumet accepts your kill.
You feel your power returning. The troll bites you!
* * * LOW HITPOINT WARNING * * *
The troll claws you but does no damage. The troll claws you.
You die...

#.............#
##....##......#
#####'####......#
+...............#
#...............#
#...............#
#...............#
#...............#
#######@#......
#ß.oK #T#......
#..gT.#o###....
#.oog.K§# ....
#..og.#§# ...
#ß.ogß#§# ..
##### #.# +.. ...


You could see a troll (corroded), an orc warrior (corroded) and a kobold
brigand.

Vanquished Creatures
  4 two-headed ogres
  Psyche (D:9)
  A troll (D:9)
  A hornet (D:9)
  Grinder (D:6)
  9 yaks
  2 wyverns
  3 orc warriors
  An ice beast (D:7)
  4 black bears
  3 ogres
  3 centaurs
  A phantom (D:6)
  2 kobold brigands
  3 bullfrogs
  4 gnoll sergeants
  4 scorpions
  4 wights (D:10)
  5 killer bees (D:9)
  A vampire bat (D:3)
  A howler monkey (D:4)
  2 jellies (D:5)
  2 orc priests
  A gnoll bouda (D:6)
  5 hounds
  Jessica (D:2)
  2 iguanas
  7 orc wizards
  A sleepcap (D:7)
  Terence (D:2)
  7 adders
  16 gnolls
  A white imp (D:6)
  2 ufetubi (D:5)
  A dart slug (D:4)
  3 fire bats (D:3)
  19 orcs
  2 spectral bats (D:3)
  5 ball pythons
  3 bat skeletons (D:3)
  A bat zombie (D:3)
  9 endoplasms
  5 giant cockroaches
  10 hobgoblins
  3 jackals (D:1)
  19 kobolds
  6 quokkas
  17 bats
  A bat simulacrum (D:3)
  3 frilled lizards
  6 goblins
  7 rats
226 creatures vanquished.

Vanquished Creatures (others)
  An orc (D:6)
1 creature vanquished.

Grand Total: 227 creatures vanquished

Notes
Turn   | Place    | Note
-------+----------+-------------------------------------------
     0 | D:1      | uglyjohn the Draconian Conjurer began the quest for the
                  | Orb.
     0 | D:1      | Reached XP level 1. HP: 14/14 MP: 3/3
   213 | D:1      | Reached XP level 2. HP: 20/20 MP: 1/5
   384 | D:1      | Learned a level 2 spell: Searing Ray
   642 | D:1      | Reached XP level 3. HP: 26/26 MP: 7/7
  1316 | D:2      | Noticed Terence
  1326 | D:2      | Killed Terence
  1327 | D:2      | Reached XP level 4. HP: 33/33 MP: 8/8
  1584 | D:2      | Found Joomeddi's Antique Weapon Shop.
  1585 | D:2      | Noticed Jessica
  1588 | D:2      | Killed Jessica
  1589 | D:2      | Reached skill level 5 in Conjurations
  1623 | D:2      | Bought a quarterstaff for 76 gold pieces
  1741 | D:2      | Identified the +2 dagger of the Lurker {heavy, Fly rN+
                  | Str-2 Int+5}
  2038 | D:3      | Found a faded altar of an unknown god.
  2043 | D:3      | Noticed a scorpion
  2059 | D:3      | Killed a scorpion
  2060 | D:3      | Reached skill level 1 in Fighting
  2060 | D:3      | Reached XP level 5. HP: 40/40 MP: 6/10
  2118 | D:3      | Reached skill level 1 in Staves
  2520 | D:3      | Reached XP level 6. HP: 47/47 MP: 10/11
  3800 | D:4      | Identified the +9 whip "Zugaser" {heavy, Fly rF- Will+++
                  | Dex-5}
  3821 | D:4      | Your scales start taking on a golden yellow colour.
  3821 | D:4      | Reached XP level 7. HP: 56/56 MP: 13/13
  3821 | D:4      | Gained mutation: You are resistant to acid. (rCorr) [Yellow
                  | Draconian growth]
  3824 | D:4      | Learned a level 2 spell: Scorch
  3829 | D:4      | Learned a level 4 spell: Flame Wave
  3849 | D:4      | Found Yteebbop's Jewellery Shoppe.
  4503 | D:5      | Entered Level 5 of the Dungeon
  4514 | D:5      | Reached skill level 1 in Fire Magic
  4593 | D:5      | Found a staircase to the Ecumenical Temple.
  4607 | Temple   | Entered the Ecumenical Temple
  4622 | Temple   | Became a worshipper of Vehumet
  4647 | D:5      | Reached skill level 2 in Fire Magic
  4763 | D:5      | Reached skill level 3 in Fire Magic
  4928 | D:5      | Reached skill level 4 in Fire Magic
  5280 | D:5      | Found a snail-covered altar of Cheibriados.
  5308 | D:5      | Found a sparkling altar of Nemelex Xobeh.
  5309 | D:5      | Found a broken altar of Ashenzari.
  5310 | D:5      | Found a shadowy altar of Dithmenos.
  5310 | D:5      | Found a hazy altar of Hepliaklqana.
  5310 | D:5      | Found a glowing silver altar of Zin.
  5313 | D:5      | Found an iron altar of Okawaru.
  5314 | D:5      | Found an ornate altar of the Wu Jian Council.
  5368 | D:5      | Found a shimmering blue altar of Sif Muna.
  5690 | D:6      | Noticed Grinder
  5694 | D:6      | Reached skill level 5 in Fire Magic
  5694 | D:6      | Reached XP level 8. HP: 62/62 MP: 14/14
  5698 | D:6      | Killed Grinder
  5699 | D:6      | Reached skill level 6 in Fire Magic
  5910 | D:6      | Reached skill level 7 in Fire Magic
  6048 | D:6      | Reached skill level 8 in Fire Magic
  6309 | D:6      | Reached * piety under Vehumet
  6309 | D:6      | Offered knowledge of Freeze by Vehumet.
  6827 | D:7      | Reached skill level 9 in Fire Magic
  6827 | D:7      | Reached XP level 9. HP: 66/68 MP: 15/15
  7654 | D:8      | Noticed a two-headed ogre
  7659 | D:8      | Killed a two-headed ogre
  7660 | D:8      | Reached skill level 10 in Fire Magic
  7811 | D:8      | Reached skill level 11 in Fire Magic
  9020 | D:9      | Noticed a troll
  9033 | D:9      | Noticed a two-headed ogre
  9034 | D:9      | Killed a troll
  9048 | D:9      | Killed a two-headed ogre
  9049 | D:9      | Reached skill level 12 in Fire Magic
  9049 | D:9      | Reached XP level 10. HP: 20/74 MP: 1/16
  9264 | D:9      | Found Kinerom's Distillery.
  9272 | D:9      | Bought a potion of degeneration for 14 gold pieces
  9272 | D:9      | Bought a potion of curing for 42 gold pieces
  9272 | D:9      | Bought a potion of heal wounds for 70 gold pieces
  9556 | D:9      | Reached ** piety under Vehumet
  9680 | D:9      | Noticed a two-headed ogre
  9690 | D:9      | Killed a two-headed ogre
  9775 | D:9      | Offered knowledge of Static Discharge by Vehumet.
  9813 | D:9      | Noticed a two-headed ogre
  9823 | D:9      | Killed a two-headed ogre
  9824 | D:9      | Reached skill level 10 in Conjurations
 10501 | D:9      | Noticed Psyche
 10518 | D:9      | Killed Psyche
 10765 | D:10     | Entered Level 10 of the Dungeon
 10973 | D:10     | Found a staircase to the Orcish Mines.
 10977 | D:10     | Reached XP level 11. HP: 72/80 MP: 17/17
 10993 | D:10     | Offered knowledge of Mephitic Cloud by Vehumet.
 11004 | D:10     | HP: 1/80 [troll (9)]
 11007 | D:10     | Slain by a troll

Illustrated notes

Levels and vault maps discovered:
D:1:      psy_arrival_spokes, layout_basic, hangedman_decor_clover_reticule
D:2:      layout_rooms, serial_shops, shop_statue, uniq_jessica, uniq_terence
D:3:      layout_rooms, chequers_ecumenical_altar_island, goddamned_bats
D:4:      layout_layer_cave, serial_shops, nicolae_shop_gaudy_bauble
D:5:      layout_gridville, minitemple, lemuel_tele_altar,
          minmay_temple_entry_sparse_star
D:6:      layout_gridville, lemuel_flamethrower_2, uniq_grinder
D:7:      layout_loops_ring
D:8:      layout_gridville, solitary_fountain
D:9:      layout_loops_corners, serial_shops, shop, uniq_psyche
D:10:     layout_gridville, lair_entry_dummy,
          kennysheep_orc_monster_closet_entryway, uniq_nergalle
Temple:   nicolae_temple_figure_eight

Skill      XL: |  1  2  3  4  5  6  7  8  9 10 11 |
---------------+----------------------------------+-----
Spellcasting   | 3 4 |  4.0
Conjurations   | 5 6 10 11 | 11.1
Fighting       | 1 2 |  2.4
Dodging        | 2 |  2.7
Staves         | 1 2 |  2.0
Fire Magic     | 5 9 12 | 12.5
Stealth        | |  1.7

Action                     |  1- 3 |  4- 6 |  7- 9 | 10-12 || total
---------------------------+-------+-------+-------+-------++-------
  Melee: Unarmed           |    34 |       |       |       ||    34
         Tailslap          |     1 |       |       |       ||     1
         Dagger            |       |     4 |     2 |     2 ||     8
   Cast: Magic Dart        |    66 |   192 |    95 |    30 ||   383
         Searing Ray       |     2 |       |    11 |    22 ||    35
         Scorch            |       |       |    94 |    17 ||   111
Ability: Caustic Breath    |       |       |       |     4 ||     4
  Evoke: Wand              |       |       |     3 |       ||     3
    Use: Scroll            |       |       |     3 |     5 ||     8
         Potion            |       |       |       |     3 ||     3
 Armour: Skin              |    28 |    62 |    46 |    64 ||   200
  Dodge: Dodged            |    41 |    80 |    46 |    45 ||   212

Table legend: (Time is in decaauts)
 A = Elapsed time spent in this place.
 B = Non-inter-level travel time spent in this place.
 C = Inter-level travel time spent in this place.
 D = Time resting spent in this place.
 E = Time spent auto-exploring this place.
 F = Levels seen in this place.
 G = Mean time per level.
                   A        B        C        D        E       F      G
               +--------+--------+--------+--------+--------+-----+--------+
         Total |  11010 |  10540 |    470 |   2229 |   7025 |  11 | 1000.9 |
       Dungeon |  10983 |  10513 |    470 |   2229 |   7025 |  10 | 1098.3 |
        Temple |     27 |     27 |      0 |      0 |      0 |   1 |   27.0 |
               +--------+--------+--------+--------+--------+-----+--------+

Top non-repeatable levels by time:
     D:9: 1890 daAuts
     D:4: 1412 daAuts
     D:8: 1354 daAuts
     D:5: 1268 daAuts
     D:1: 1210 daAuts
     D:3: 1107 daAuts
     D:6: 971 daAuts
     D:7: 812 daAuts
     D:2: 773 daAuts
    D:10: 183 daAuts
  Temple: 27 daAuts
